 Dungeon Crawl Stone Soup version 0.31-a0-703-gcfe89afef6 (webtiles) character file.

Game seed: 2303443055531062588

3216 porpoise the Covert (level 9, -9/47 HPs)
             Began as a Vine Stalker Brigand on Sept 9, 2023.
             Was a Believer of Uskayaw.
             Killed from afar by a steam dragon (11 damage)
             ... with a ball of steam
             ... on level 7 of the Dungeon.
             The game lasted 00:18:13 (5610 turns).

porpoise the Covert (Vine Stalker Brigand)          Turns: 5610, Time: 00:18:13

Health: -9/47      AC:  8    Str: 20    XL:     9   Next: 97%
Magic:  0/13       EV: 11    Int: 11    God:    Uskayaw [**....]
Gold:   287        SH:  0    Dex: 26    Spells: 8/8 levels left

rFire   . . .        a - +2 rapier (freeze)
rCold   . . .        (no shield)
rNeg    . . .        h - +0 ring mail
rPois   .            q - +1 helmet
rElec   .            c - +0 cloak
rCorr   .            (no gloves)
SInv    .            (no boots)
Will    +....        (no amulet)
Stlth   ++++         y - +6 ring of strength
HPRegen 1.07/turn    g - +6 ring of dexterity
MPRegen 0.13/turn

%: guardian spirit
@: no status effects
A: fangs 3, regeneration 1, magic shield, antimagic bite, no potion heal 2
a: Renounce Religion, Stomp, Line Pass


You were on level 7 of the Dungeon.
You worshipped Uskayaw.
Uskayaw was noncommittal.
You visited 2 branches of the dungeon, and saw 8 of its levels.

You collected 287 gold pieces.

Inventory:

Hand Weapons
 a - a +2 rapier of freezing (weapon)
 b - a +0 short sword of holy wrath
 D - a +2 long sword
Missiles
 d - 24 poisoned darts (quivered)
 i - a throwing net
 j - 17 boomerangs
 r - 3 curare-tipped darts
Armour
 c - a +0 cloak (worn)
 h - a +0 ring mail (worn)
 n - the +0 robe of Twilight {Dex+2 Archmagi}
   (You took it off a goblin on level 3 of the Dungeon)

   Dex+2:     It affects your dexterity (+2).
   Archmagi:  It increases the power of your magical spells.
 q - a +1 helmet (worn)
Jewellery
 g - a +6 ring of dexterity (right hand)
 y - a +6 ring of strength (left hand)
 F - a ring of fire
Wands
 t - a wand of charming (6)
 B - a wand of flame (48)
 E - a wand of mindburst (14)
Scrolls
 k - a scroll of enchant weapon
 l - 2 scrolls of fog
 o - 2 scrolls of teleportation
 p - a scroll of vulnerability {unknown}
 u - a scroll of noise
 v - a scroll of blinking {unknown}
 z - 2 scrolls of enchant armour
 A - a scroll of amnesia {unknown}
Potions
 e - 2 potions of mutation {unknown}
 f - 2 potions of curing
 m - 3 potions of brilliance
 s - 2 potions of resistance {unknown}
 w - a potion of cancellation {unknown}
 x - a potion of heal wounds {unknown}
 C - a potion of attraction {unknown}


   Skills:
 + Level 5.1 Fighting
 * Level 9.1 Short Blades
 - Level 1.7 Throwing
 - Level 0.7 Dodging
 - Level 10.0 Stealth
 + Level 4.3 Invocations


You had 8 spell levels left.
You didn't know any spells.
Your spell library contained the following spells:

 Spells                   Type           Power      Damage    Failure   Level
 Apportation              Tloc           0%         N/A       52%         1
 Freeze                   Ice            0%         1d3       52%         1
 Necrotise                Necr           0%         1d4       52%         1
 Summon Small Mammal      Summ           0%         N/A       52%         1
 Cigotuvi's Dreadful Rot  Necr/Pois/Air  0%         N/A       67%         2
 Frozen Ramparts          Ice            0%         1d1       88%         3
 Hailstorm                Conj/Ice       0%         3d3       88%         3
 Ignite Poison            Fire/Tmut/Pois 0%         N/A       88%         3
 Anguish                  Hex/Necr       0%         N/A       99%         4
 Cause Fear               Hex            0%         N/A       99%         4
 Freezing Cloud           Conj/Ice/Air   0%         6-21      100%        5
 Enfeeble                 Hex            0%         N/A       100%        7


Dungeon Overview and Level Annotations

Branches:
Dungeon (7/15)             Temple (1/1) D:4

Altars:
Ashenzari
Dithmenos
Elyvilon
Fedhas
Gozag
Hepliaklqana
Kikubaaqudgha
Okawaru
Ru
Sif Muna
Uskayaw
Vehumet
Wu Jian
Zin

Shops:
D:4 *


Innate Abilities, Weirdness & Mutations

You have razor-sharp teeth.
Your natural rate of healing is unusually fast.
When hurt, damage is shared between your health and your magic reserves.
Your bite disrupts and absorbs the magic of your enemies.
Potions cannot restore your health.


Message History

The orc warrior hits you with a +0 hand axe!
The steam dragon misses you. The steam dragon closely misses you.
You hit the orc warrior but do no damage.
The orc warrior is almost dead.
The orc warrior hits you with a +0 hand axe.
The steam dragon breathes steam at you. The ball of steam hits you.
You hear a shout!
You hit the orc warrior but do no damage.
Your bite misses the orc warrior.
The orc warrior is almost dead.
You are engulfed in a cloud of scalding steam.
The orc warrior hits you with a +0 hand axe.
The steam dragon barely misses you. The steam dragon closely misses you.
You closely miss the orc warrior.
The orc warrior is almost dead.
You hit the orc warrior but do no damage.
You bite the orc warrior. You drain its power.
You feel invigorated.
The orc warrior is almost dead.
You are engulfed in a cloud of scalding steam.
The orc warrior completely misses you. The steam dragon barely misses you.
The steam dragon claws you.
You hit the orc warrior but do no damage.
The orc warrior is almost dead.
The orc warrior hits you with a +0 hand axe.
The steam dragon breathes steam at you. The ball of steam hits you!
* * * LOW HITPOINT WARNING * * *
You hear a shout! x2
You hit the orc warrior. You freeze the orc warrior.
You kill the orc warrior!
You are engulfed in a cloud of scalding steam.
* * * LOW HITPOINT WARNING * * *
The steam dragon bites you!
* * * LOW HITPOINT WARNING * * *
The steam dragon claws you.
* * * LOW HITPOINT WARNING * * *
The steam dragon breathes steam at you. The ball of steam hits you!
You die...

#.......##....
..##.......#####' #
#.##......^#..... #.
#.##.......#.....
#.##.##.......#.....
#.......#....#####'#
#.....####.......#
#D#...# ##.#######
#@ยง...###..#
#..###.......# #>.
#.##.>..# .$##
...####### .#.
#.#### .. . .. . .
.. .. .


You could see a steam dragon (catching breath).

Vanquished Creatures
  Pikel (D:6)
  A wyvern (D:7)
  Eustachio (D:4)
  2 water moccasins
  2 orc warriors (D:7)
  2 sky beasts (D:7)
  2 ice beasts
  A black bear (D:6)
  An ogre (D:7)
  A centaur (D:6)
  A phantom (D:4)
  2 lemures (D:6)
  A kobold brigand (D:7)
  3 bullfrogs
  3 scorpions
  8 wights (D:7)
  A howler monkey (D:6)
  Crazy Yiuf (D:6)
  3 orc priests
  2 hounds
  4 orc wizards
  A gnoll (D:7)
  8 adders
  2 white imps
  An ufetubus (D:6)
  2 worms
  4 dart slugs
  18 orcs
  6 ball pythons
  7 endoplasms
  4 giant cockroaches
  6 goblins
  2 hobgoblins
  7 jackals (D:2)
  16 kobolds
  2 quokkas
  8 bats
  3 frilled lizards
  6 rats
146 creatures vanquished.

Notes
Turn   | Place    | Note
-------+----------+-------------------------------------------
     0 | D:1      | porpoise the Vine Stalker Brigand began the quest for the
                  | Orb.
     0 | D:1      | Reached XP level 1. HP: 11/11 MP: 2/2
   259 | D:1      | Reached skill level 5 in Stealth
   259 | D:1      | Reached XP level 2. HP: 15/15 MP: 3/3
   555 | D:1      | Reached XP level 3. HP: 18/18 MP: 4/4
  1041 | D:2      | Reached XP level 4. HP: 23/23 MP: 5/5
  1348 | D:2      | Found a faded altar of an unknown god.
  1867 | D:3      | Reached XP level 5. HP: 27/27 MP: 6/6
  1885 | D:3      | Identified the +0 robe of Twilight {Dex+2 Archmagi}
  1988 | D:3      | Reached skill level 6 in Stealth
  2453 | D:4      | Found a staircase to the Ecumenical Temple.
  2462 | Temple   | Entered the Ecumenical Temple
  2477 | Temple   | Became a worshipper of Uskayaw the Reveller
  2502 | D:4      | Reached XP level 6. HP: 26/32 MP: 4/7
  2503 | D:4      | Reached * piety under Uskayaw
  2569 | D:4      | Noticed Eustachio
  2586 | D:4      | Reached ** piety under Uskayaw
  2596 | D:4      | Killed Eustachio
  2606 | D:4      | Found Forinoga's Neck Hole.
  2947 | D:4      | Reached skill level 5 in Short Blades
  2947 | D:4      | Reached XP level 7. HP: 33/37 MP: 8/8
  3257 | D:5      | Entered Level 5 of the Dungeon
  3312 | D:5      | Found a shadowy altar of Dithmenos.
  3313 | D:5      | Found a radiant altar of Vehumet.
  3314 | D:5      | Found a hazy altar of Hepliaklqana.
  3360 | D:5      | Reached skill level 7 in Stealth
  3499 | D:5      | Reached *** piety under Uskayaw
  3699 | D:5      | Gained mutation: You have razor-sharp teeth. [Vine Stalker
                  | growth]
  3699 | D:5      | Reached XP level 8. HP: 42/42 MP: 9/9
  3922 | D:5      | Found a broken altar of Ashenzari.
  4290 | D:6      | Noticed Pikel
  4299 | D:6      | Reached **** piety under Uskayaw
  4302 | D:6      | Reached ***** piety under Uskayaw
  4306 | D:6      | Killed Pikel
  4307 | D:6      | Reached skill level 5 in Fighting
  4307 | D:6      | Reached skill level 8 in Stealth
  4440 | D:6      | Reached skill level 1 in Invocations
  4546 | D:6      | Reached XP level 9. HP: 39/47 MP: 8/11
  4717 | D:6      | Found a runed translucent door.
  4718 | D:6      | Noticed Crazy Yiuf
  4725 | D:6      | Killed Crazy Yiuf
  4726 | D:6      | Reached skill level 9 in Stealth
  5535 | D:7      | Reached skill level 10 in Stealth
  5609 | D:7      | HP: 2/47 [steam dragon (5)]
  5610 | D:7      | Killed from afar by a steam dragon

Illustrated notes

Levels and vault maps discovered:
D:1:      eino_arrival_cavern_a, layout_basic, serial_forest,
          infiniplex_forest_straight_3, infiniplex_forest_lined_3,
          infiniplex_forest_straight_2, infiniplex_forest_straight_2,
          infiniplex_forest_clump_double, infiniplex_forest_clump_double,
          infiniplex_forest_lined_room_, infiniplex_forest_end_2
D:2:      layout_loops_corners, ebering_ecumenical_altar_sacrificial,
          minmay_pentomino_w4
D:3:      layout_basic
D:4:      layout_gridville, minmay_temple_entry_butterflies,
          minmay_misc_feat_diagonals, chequers_serial_rivers_micro_e,
          nicolae_shop_sticking_my_neck_out, uniq_eustachio
D:5:      layout_basic, nicolae_overflow_quartered_altars,
          kennysheep_another_room
D:6:      layout_basic, uniq_crazy_yiuf_cottage, uniq_pikel
D:7:      layout_basic, general_overflow_altar, st_stairs_7, kennysheep_potato
Temple:   nicolae_temple_ecumenical_triangle

Skill      XL: |  1  2  3  4  5  6  7  8  9 |
---------------+----------------------------+-----
Short Blades   | 2 3 4 5 6 7 9 |  9.1
Stealth        | 5 6 7 8 10 | 10.0
Fighting       | 2 3 4 5 |  5.1
Invocations    | 1 4 |  4.3
Throwing       | |  1.7
Dodging        | |  0.7

Action                     |  1- 3 |  4- 6 |  7- 9 || total
---------------------------+-------+-------+-------++-------
  Melee: Dagger            |    33 |       |       ||    33
         Bite              |     6 |    39 |    68 ||   113
         Short sword       |    36 |   138 |       ||   174
         Punch             |       |     2 |     3 ||     5
         Rapier            |       |    21 |   207 ||   228
  Throw: Dart              |       |     3 |       ||     3
    Use: Scroll            |       |       |     8 ||     8
   Stab: Sleeping          |    17 |     8 |    11 ||    36
         Paralysed         |       |       |     6 ||     6
 Armour: Robe              |     8 |       |       ||     8
         Ring mail         |    16 |    86 |   146 ||   248
  Dodge: Dodged            |    15 |    58 |    87 ||   160

Table legend: (Time is in decaauts)
 A = Elapsed time spent in this place.
 B = Non-inter-level travel time spent in this place.
 C = Inter-level travel time spent in this place.
 D = Time resting spent in this place.
 E = Time spent auto-exploring this place.
 F = Levels seen in this place.
 G = Mean time per level.
                   A        B        C        D        E       F      G
               +--------+--------+--------+--------+--------+-----+--------+
         Total |   5540 |   5262 |    278 |    553 |   3522 |   8 |  692.5 |
       Dungeon |   5512 |   5247 |    265 |    553 |   3522 |   7 |  787.4 |
        Temple |     28 |     15 |     13 |      0 |      0 |   1 |   28.0 |
               +--------+--------+--------+--------+--------+-----+--------+

Top non-repeatable levels by time:
     D:6: 940 daAuts
     D:5: 877 daAuts
     D:1: 844 daAuts
     D:4: 836 daAuts
     D:2: 825 daAuts
     D:3: 720 daAuts
     D:7: 466 daAuts
  Temple: 28 daAuts
